 Dungeon Crawl Stone Soup version 0.29-a0-1-gf2d273c862 (webtiles) character file.

Game seed: 301233833415365043

95 GordonOverkill the Magician (level 4, -1/33 HPs)
             Began as a Merfolk Fire Elementalist on Jan 26, 2022.
             Slain by Crazy Yiuf (10 damage)
             ... on level 2 of the Dungeon.
             The game lasted 00:09:38 (3320 turns).

GordonOverkill the Magician (MfFE)                  Turns: 3320, Time: 00:09:39

Health: -1/33      AC:  8    Str:  8    XL:     4   Next: 65%
Magic:  3/8        EV: 12    Int: 16    God:
Gold:   159        SH:  0    Dex: 14    Spells: 5/8 levels left

rFire   . . .      SeeInvis .   d - +0 short sword
rCold   . . .      Faith    .   (no shield)
rNeg    . . .      Spirit   .   a - +0 robe
rPois   .          Reflect  .   h - +0 helmet
rElec   .          Harm     .   f - +2 cloak
rCorr   .          Rampage  .   (no gloves)
Will    .....                   g - +1 pair of boots
Stlth   ++........              (no amulet)
HPRegen 0.11/turn               (no ring)
MPRegen 0.11/turn               (no ring)

@: no status effects
A: (nimble swimmer 2), mertail
a: no special abilities


You were on level 2 of the Dungeon.
You visited 1 branch of the dungeon, and saw 2 of its levels.

You collected 159 gold pieces.

Inventory:

Hand Weapons
 d - a +0 short sword (weapon)
Armour
 a - a +0 robe (worn)
 c - a +0 scale mail
 f - a +2 cloak (worn)
 g - a +1 pair of boots (worn)
 h - a +0 helmet (worn)
Scrolls
 b - a scroll of identify


   Skills:
 + Level 2.0 Fighting
 - Level 2.6 Dodging
 - Level 2.1 Stealth
 + Level 2.7 Spellcasting
 * Level 2.5 Conjurations
 - Level 2.1 Fire Magic


You had 5 spell levels left.
You knew the following spells:

 Your Spells              Type           Power      Damage    Failure   Level
a - Foxfire               Conj/Fire      36%        2x1d5     8%          1
b - Scorch                Fire           18%        2d6       12%         2

Your spell library contained the following spells:

 Spells                   Type           Power      Damage    Failure   Level
 Conjure Flame            Conj/Fire      9%         6-21      22%         3
 Inner Flame              Hex/Fire       5%         N/A       36%         3
 Flame Wave               Conj/Fire      9%         2d5       58%         4


Dungeon Overview and Level Annotations

Branches:
Dungeon (2/15)

Altars:
Dithmenos

Annotations:
D:2 Crazy Yiuf


Innate Abilities, Weirdness & Mutations

((You are very nimble when in or above water. (Stealth+, EV+, Speed+++)))
Your lower body shifts to a powerful aquatic tail in water.


Message History

Your magical contamination has completely faded away.
Casting: Foxfire (safe; 8% risk of failure)
Confirm with . or Enter, or press ? or * to list all spells.
You conjure some foxfire!
Crazy Yiuf closely misses you.
The foxfire hits Crazy Yiuf but does no damage.
Crazy Yiuf is severely wounded.
The foxfire hits Crazy Yiuf.
Crazy Yiuf is severely wounded.
Crazy Yiuf hits you with a +4 quarterstaff of chaos.
* * * LOW HITPOINT WARNING * * *
You feel agile all of a sudden.
Crazy Yiuf grits, "Iron ena light!"
Crazy Yiuf grits, "Gnoll!"
Casting: Foxfire (safe; 8% risk of failure)
Confirm with . or Enter, or press ? or * to list all spells.
You conjure some foxfire!
Crazy Yiuf yells, "Gum!"
Crazy Yiuf hits you with a +4 quarterstaff of chaos!
* * * LOW HITPOINT WARNING * * *
You feel your power leaking away.
Your foxfire dissipates!
The foxfire hits Crazy Yiuf.
Crazy Yiuf is almost dead.
Crazy Yiuf glowers.
There is a stone staircase leading up here.
Crazy Yiuf grits, "Aardvark dark King!"
There is a stone staircase leading up here.
Crazy Yiuf yells, "Powder!
Line green hand."
Crazy Yiuf grits, "Whippet bag aubergine!"
There is a stone staircase leading up here.
Crazy Yiuf whimpers, "Spliff!
Nubble hand arga."
There is a stone staircase leading up here.
You feel a little less agile now.
There is a stone staircase leading up here.
There is a stone staircase leading up here.
Casting: Foxfire (safe; 8% risk of failure)
Confirm with . or Enter, or press ? or * to list all spells.
You conjure some foxfire!
Crazy Yiuf hits you with a +4 quarterstaff of chaos!
You die...

♣♣.♣♣ ##'## #.#
♣♣...♣ ###.#####
#.# ♣....♣
#.......# #.#
##..##
#.#.###.########.#
####....#
#................#
#.##...##
#.......##########
#.##..## #....#..#
#.##.######.#.##..#
#.........v@v.....#
###########g#.##.##
#.#.##.# #÷<....#
###.#### #.# ###
#.# ##.##
#####.###...######
#................#


You could see Crazy Yiuf (ally target).

Vanquished Creatures
  Robin (D:1)
  2 adders (D:2)
  2 worms (D:2)
  2 dart slugs (D:2)
  5 endoplasms
  6 giant cockroaches
  10 goblins
  4 hobgoblins (D:2)
  4 jackals (D:1)
  A quokka (D:1)
  6 ball pythons
  3 bats
  4 frilled lizards
  2 kobolds (D:1)
  A rat (D:1)
53 creatures vanquished.

Vanquished Creatures (others)
  171 foxfires
171 creatures vanquished.

Grand Total: 224 creatures vanquished

Notes
Turn   | Place    | Note
-------+----------+-------------------------------------------
     0 | D:1      | GordonOverkill the Merfolk Fire Elementalist began the
                  | quest for the Orb.
     0 | D:1      | Reached XP level 1. HP: 13/13 MP: 3/3
   128 | D:1      | Reached skill level 1 in Conjurations
   227 | D:1      | Reached XP level 2. HP: 20/20 MP: 1/5
   704 | D:1      | Reached skill level 1 in Fighting
   740 | D:1      | Reached XP level 3. HP: 23/26 MP: 0/6
  1052 | D:1      | You fall into a shaft and drop 1 floor!
  1483 | D:2      | Found a shadowy altar of Dithmenos.
  1952 | D:2      | Found a runed translucent door.
  1953 | D:2      | Noticed Crazy Yiuf
  2032 | D:2      | Reached XP level 4. HP: 32/32 MP: 0/7
  2280 | D:2      | Noticed Robin
  2993 | D:1      | Killed Robin
  3251 | D:2      | Learned a level 2 spell: Scorch
  3320 | D:2      | Slain by Crazy Yiuf

Illustrated notes

Levels and vault maps discovered:
D:1:      lemuel_arrival_broad_hall, layout_loops_ring, serial_park_tiny_1,
          hex_tiny, minmay_tetromino_t2
D:2:      layout_loops_corners, basic_altar, st_stairs_5,
          uniq_crazy_yiuf_cottage, uniq_robin

Skill      XL: |  1  2  3  4 |
---------------+-------------+-----
Conjurations   | 1 2 |  2.5
Fighting       | 1 2 |  2.0
Dodging        | |  2.6
Stealth        | |  2.1
Spellcasting   | |  2.7
Fire Magic     | |  2.1

Action                   |  1- 3 |  4- 6 || total
-------------------------+-------+-------++-------
Melee: Short sword       |    38 |    30 ||    68
 Cast: Foxfire           |    70 |    43 ||   113
       Scorch            |       |     1 ||     1
  Use: Scroll            |       |     2 ||     2
 Stab: Sleeping          |     1 |       ||     1
Armor: Robe              |     9 |    21 ||    30
Dodge: Dodged            |    35 |    45 ||    80

Table legend: (Time is in decaauts)
 A = Elapsed time spent in this place.
 B = Non-inter-level travel time spent in this place.
 C = Inter-level travel time spent in this place.
 D = Time resting spent in this place.
 E = Time spent auto-exploring this place.
 F = Levels seen in this place.
 G = Mean time per level.
                   A        B        C        D        E       F      G
               +--------+--------+--------+--------+--------+-----+--------+
         Total |   3330 |   3267 |     63 |   1006 |   1519 |   2 | 1665.0 |
       Dungeon |   3330 |   3267 |     63 |   1006 |   1519 |   2 | 1665.0 |
               +--------+--------+--------+--------+--------+-----+--------+

Top non-repeatable levels by time:
     D:2: 1788 daAuts
     D:1: 1541 daAuts
